Map: Acropolis LE

Players

Lambo - Winner!

  • Race: Zerg Zerg
  • League: Master
  • Spawn Location: 11:00

ZhuGeLiang

  • Race: Zerg Zerg
  • League: Grandmaster
  • Spawn Location: 5:00

Event: 2019 Assembly Summer

VOD

Have the link to the VOD?

Description

Time

  • Played on: Aug. 1, 2019, 8:38 a.m.
  • Length: 10:31

All games in this series

Show
View Real Time Build Order
Export as new Build Order

Lambo Zerg - Winner!

Build Orders: Hatch First 

Get SALT Encoding   

  12  0:01  Drone  
  13  0:13  Overlord  
  13  0:17  Drone  
  14  0:31  Drone x2  
  16  0:48  Hatchery  
  15  0:51  Drone  
  15  0:55  Drone  
  17  0:58  Drone  
  18  1:09  Extractor  
  17  1:13  Spawning Pool  
  17  1:16  Drone  
  17  1:19  Drone  
  18  1:28  Drone  
  19  1:39  Drone  
  20  1:51  Overlord  
  20  2:00  Queen x2  
  20  2:01  Zergling x4  
  26  2:11  Drone  
  26  2:12  Drone  
  28  2:22  Drone x2  
  30  2:33  Hatchery  
  30  2:36  Drone  
  30  2:39  Drone  
  31  2:46  Drone, Evolution Chamber  
  31  2:52  Overlord  
  31  2:56  Drone  
  32  3:01  Overlord  
  30  3:06  Drone x2  
  30  3:08  Drone  
  30  3:09  Drone  
  30  3:12  Drone  
  35  3:14  Zerg Missile Weapons Level 1  
  35  3:17  Drone x3  
  38  3:23  Roach Warren  
  38  3:26  Drone  
  38  3:28  Zergling x2  
  38  3:32  Overlord  
  39  3:40  Lair  
  39  3:41  Drone x2  
  41  3:43  Drone  
  41  3:46  Drone x2  
  44  3:49  Drone  
  44  3:51  Extractor  
  44  3:52  Extractor  
  44  3:53  Drone x2  
  44  3:55  Drone  
  46  3:58  Drone  
  46  3:59  Drone x2  
  49  4:04  Queen  
  49  4:07  Drone  
  49  4:09  Drone  
  53  4:10  Drone x2  
  53  4:14  Drone  
  53  4:15  Drone x2  
  58  4:19  Drone  
  58  4:20  Overlord  
  59  4:30  Roach x2  
  59  4:31  Roach, Overlord  
  65  4:33  Overlord  
  65  4:38  Overseer  
  65  4:39  Glial Reconstitution  
  65  4:41  Roach x2  
  68  4:47  Roach x2  
  68  4:50  Roach  
  68  4:51  Roach x2  
  78  4:53  Overlord  
  78  4:55  Roach  
  78  4:57  Drone x2  
  82  5:00  Overlord, Extractor  
  82  5:01  Roach  
  82  5:05  Roach  
  85  5:13  Roach x2  
  91  5:16  Roach  
  91  5:17  Roach  
  91  5:20  Overlord  
  95  5:24  Roach x4  
  95  5:28  Overlord  
  101  5:30  Overlord  
  101  5:31  Overlord  
  101  5:37  Overlord  
  101  5:42  Zerg Missile Weapons Level 2, Overlord  
  101  5:45  Overlord  
  101  5:47  Roach  
  101  5:48  Roach  
  105  5:50  Overseer  
  105  5:51  Overlord  
  105  5:52  Roach x2  
  105  5:53  Roach  
  105  5:55  Roach  
  113  5:58  Roach x2  
  113  6:01  Drone x3  
  113  6:03  Drone  
  121  6:05  Roach  
  121  6:09  Drone x2  
  121  6:11  Roach, Extractor  
  126  6:16  Roach x2  
  130  6:20  Ravager x2  
  132  6:26  Roach x3, Extractor  
  132  6:28  Drone  
  132  6:31  Roach x2  
  132  6:32  Overlord  
  142  6:34  Overlord  
  142  6:35  Roach  
  142  6:36  Roach  
  142  6:38  Overlord  
  146  6:40  Overlord  
  146  6:41  Overlord  
  146  6:43  Overlord  
  146  6:47  Pneumatized Carapace  
  146  6:52  Overlord  
  146  6:57  Ravager  
  146  6:58  Roach x2, Ravager  
  154  7:01  Roach x2  
  154  7:04  Roach  
  154  7:06  Roach  
  160  7:09  Roach x2  
  160  7:12  Roach x2  
  160  7:14  Roach  
  170  7:15  Drone x2  
  170  7:19  Overseer  
  170  7:20  Overseer  
  170  7:22  Roach x2  
  176  7:24  Roach  
  176  7:26  Roach  
  176  7:27  Roach  
  176  7:29  Roach x2  
  186  7:31  Overlord  
  186  7:36  Overlord  
  186  7:39  Overlord  
  185  7:47  Roach  
  183  7:52  Roach x5  
  183  7:57  Roach x3  
  197  8:23  Zerg Ground Armor Level 1, Roach  
  197  8:24  Roach x5  
  197  8:26  Roach x4  
  179  8:30  Roach  
  179  8:33  Roach x6  
  173  8:36  Roach  
  173  8:37  Roach  
  173  8:40  Ravager x2  
  177  8:43  Roach x2  
  177  8:44  Ravager  
  179  8:49  Roach  
  179  8:53  Roach x2  
  185  8:59  Queen  
  185  9:01  Roach x2  
  185  9:02  Ravager  
  192  9:04  Roach  
  194  9:10  Roach  
  194  9:14  Roach  
  194  9:15  Roach  
  198  9:20  Roach  
  196  9:40  Roach x3  
  196  9:44  Roach x3  
  192  9:49  Roach x9  
  193  9:53  Roach  
  193  9:54  Overseer  
  195  10:03  Roach  
  195  10:07  Roach x2  
  172  10:11  Roach x2  
  149  10:29  Ravager  
Show
View Real Time Build Order
Export as new Build Order

ZhuGeLiang Zerg 

Build Orders: Hatch First 

Get SALT Encoding   

  12  0:00  Drone  
  13  0:12  Overlord  
  13  0:16  Drone  
  14  0:31  Drone x2  
  16  0:48  Hatchery  
  15  0:50  Drone  
  15  0:54  Drone  
  17  0:57  Drone  
  18  1:08  Extractor  
  17  1:13  Spawning Pool  
  17  1:15  Drone  
  17  1:19  Drone  
  18  1:28  Drone  
  19  1:39  Drone  
  20  1:49  Drone  
  21  2:00  Overlord, Queen x2  
  25  2:01  Drone  
  26  2:11  Drone x2  
  28  2:22  Zergling x2  
  29  2:25  Drone  
  30  2:32  Drone  
  30  2:34  Drone  
  30  2:36  Queen x2  
  36  2:44  Overlord x2  
  36  2:50  Roach Warren  
  35  2:57  Drone  
  35  3:06  Drone x3  
  35  3:10  Drone x6  
  44  3:19  Drone  
  45  3:20  Lair  
  45  3:23  Drone  
  45  3:25  Extractor  
  45  3:28  Evolution Chamber  
  45  3:33  Drone x2  
  46  3:41  Hatchery  
  45  3:42  Drone x2  
  45  3:45  Drone x2  
  49  3:53  Drone  
  49  3:54  Drone x2  
  51  3:56  Overlord  
  51  3:57  Zerg Missile Weapons Level 1  
  51  4:02  Extractor x2  
  49  4:05  Drone  
  49  4:06  Drone x2  
  52  4:13  Overlord  
  52  4:16  Roach x2  
  52  4:17  Roach  
  58  4:21  Overlord  
  58  4:22  Roach  
  60  4:29  Overlord  
  60  4:33  Roach x2  
  60  4:37  Glial Reconstitution  
  64  4:39  Overlord  
  64  4:46  Roach  
  66  4:53  Drone  
  66  4:54  Roach x5  
  66  4:55  Drone  
  66  4:56  Drone  
  79  5:06  Roach  
  85  5:07  Roach x2  
  85  5:13  Ravager x3  
  88  5:14  Ravager  
  88  5:20  Drone x6  
  95  5:30  Overlord  
  95  5:31  Drone, Overlord x2  
  95  5:32  Drone x2  
  98  5:38  Burrow  
  98  5:46  Overlord  
  98  5:50  Roach x5  
  98  5:56  Tunneling Claws  
  108  5:58  Zerg Missile Weapons Level 2  
  108  6:00  Drone x6  
  108  6:03  Extractor  
  113  6:06  Overseer  
  113  6:08  Roach  
  113  6:09  Roach  
  117  6:12  Drone x2  
  117  6:18  Roach x4  
  127  6:23  Overlord  
  127  6:24  Roach  
  129  6:27  Overlord x2  
  129  6:39  Overlord x3  
  129  6:42  Overlord  
  129  6:44  Roach x4  
  129  6:45  Overlord x2  
  137  6:47  Ravager x3  
  137  6:53  Roach  
  137  6:54  Roach  
  144  7:01  Roach x5  
  154  7:07  Roach x2  
  158  7:19  Roach x9  
  158  7:20  Roach x2  
  158  7:22  Roach x3  
  174  7:25  Extractor  
  174  7:26  Roach  
  174  7:27  Roach  
  177  7:31  Roach x2  
  177  7:32  Hatchery, Roach x2  
  184  7:42  Roach x3  
  190  7:49  Roach x8  
  198  8:06  Roach  
  198  8:10  Roach  
  198  8:11  Roach x2  
  200  8:24  Roach  
  200  8:25  Roach x10  
  151  8:35  Roach x4  
  151  8:36  Zerg Ground Armor Level 1  
  151  8:40  Roach x5  
  161  8:43  Roach x3  
  167  8:49  Roach x3  
  171  8:56  Ravager  
  171  8:57  Ravager  
  171  8:58  Roach x3  
  171  9:01  Overlord  
  177  9:09  Roach x3  
  183  9:12  Overlord x2  
  183  9:16  Overlord  
  181  9:17  Overlord x2  
  181  9:18  Roach  
  181  9:21  Roach x3  
  186  9:26  Ravager x2  
  186  9:27  Ravager  
  186  9:28  Roach  
  186  9:30  Roach x11  
  191  9:38  Roach x7  
  189  9:43  Roach x30  
  170  9:53  Roach x5  
  140  10:09  Roach  
  140  10:10  Roach x7  
Tags
 
Add a new tag
Caveats
  • Supply blocks, unpowered buildings, or Contaminate may cause inaccurate times.
  • Supply counts are checked every 10 seconds.